 Dungeon Sprint DCSS version 0.17-a0-1987-gaf5a542 (webtiles) character file.

111 Kidiri the Sneak (level 4, -9/21 HPs)
             Began as a Spriggan Enchanter on Oct 6, 2015.
             Killed by nerve-wracking pain
             ... invoked by a deep elf priest
              (10 damage)
             ... in the Dungeon (Sprint III: "The Ten Rune Challenge").
             The game lasted 00:03:27 (738 turns).

Kidiri the Sneak (Spriggan Enchanter)                Turns: 738, Time: 00:03:28

Health: -9/21      AC:  3    Str:  4    XL:     4   Next: 62%
Magic:  7/12       EV: 22    Int: 18    God:
Gold:   19         SH:  0    Dex: 17    Spells: 5 memorised, 1 level left

rFire  . . .     SeeInvis +     a - +1 dagger
rCold  + . .     Clarity  .     b - +1 robe
rNeg   . . .     SustAt   .     (shield restricted)
rPois  .         Gourm    .     (helmet restricted)
rElec  +         Spirit   .     (no cloak)
rCorr  .         Warding  .     (gloves unavailable)
rMut   .         NoTele   +     (boots unavailable)
MR     .....                    (no amulet)
Stlth  ++++......               (no ring)
                                (no ring)

@: very quick, not resistant to hostile enchantments, stealthy
A: unfitting armour, see invisible, breathe flames 1, clever 1, cold resistance
1, deterioration 1, herbivore 3, speed 3, screaming 1, electricity resistance,
slow metabolism 2
a: Breathe Fire


You were in the Dungeon.
You were not hungry.

You visited 1 branch You collected 19 gold pieces.

Inventory:

Hand Weapons
 a - a +1 dagger (weapon)
Armour
 b - a +1 robe (worn)
Scrolls
 j - a scroll of blinking
 l - a scroll of immolation
 o - a scroll of holy word
 p - a scroll of remove curse {unknown}
Potions
 e - 2 potions of curing
 f - a potion of heal wounds
 g - a potion of haste
 h - 2 potions of magic
 n - a potion of brilliance
 q - a potion of invisibility
 r - 2 potions of flight
Comestibles
 d - 2 bread rations


   Skills:
 * Level 4.2 Short Blades
 + Level 1.6 Armour
 * Level 6.4 Dodging
 * Level 7.5 Stealth
 * Level 5.3 Spellcasting
 + Level 1.2 Conjurations
 + Level 4.8 Hexes
 + Level 1.4 Ice Magic


You had one spell level left.
You knew the following spells:

 Your Spells              Type           Power        Failure   Level  Hunger
a - Corona                Hex            ###....      1%          1    None
b - Ensorcelled Hibernat  Hex/Ice        ###...       8%          2    #......
c - Confuse               Hex            ###.....     6%          3    ##.....
d - Tukima's Dance        Hex            ###.....     6%          3    ##.....
e - Dazzling Spray        Conj/Hex       ###.....     14%         3    ##.....


Dungeon Overview and Level Annotations

Branches:
Dungeon (1/1)

Altars:
Elyvilon
Zin
The Shining One


Innate Abilities, Weirdness & Mutations

You are tiny and cannot use many weapons and most armour.
You have supernaturally acute eyesight.
You are a herbivore.
You cover ground extremely quickly.
You need consume almost no food.
You can breathe flames.
Your mind is acute. (Int +2)
Your flesh is cold resistant.
Your body sometimes deteriorates upon taking damage.
You occasionally shout uncontrollably at your foes.
You are resistant to electric shocks.


Message History

Casting: Confuse
Confirm with . or Enter, or press ? or * to list all spells.
Aiming: Ensorcelled Hibernation
Press: ? - help, Shift-Dir - straight line, f - deep elf priest
Aim: a deep elf priest, wielding a long sword of holy wrath (chance to defeat MR: 16%)
The deep elf priest resists with almost no effort.
The deep elf priest utters a dark prayer and points at you.
Your life force is offered up.
Ouch! That really hurt!
* * * LOW HITPOINT WARNING * * *
Unknown command.
Casting: Ensorcelled Hibernation
Confirm with . or Enter, or press ? or * to list all spells.
Aiming: Tukima's Dance
Press: ? - help, Shift-Dir - straight line, f/p - deep elf priest
Aim: a deep elf priest, wielding a long sword of holy wrath (chance to defeat MR: 46%)
The deep elf priest resists with some effort.
The deep elf priest invokes the aid of its god against you.
Pain shoots through your body!
You die...

▓▓▓▓▓ ▓▓▓ #...####
##.#####
#......#####..#___# #
#.......#.[#..#e@.# .p
##.##...#..#..###'#'###+##
##.###..##'#..#..........#
###.##..###...'.⌠........#
#..##..####...#...######'#
...##..###....#.⌠.# #...#
..##...##.....#...# #...#
.##....#......#+### #...#
###..##.#.....# #..J+


You could see a deep elf priest.

Vanquished Creatures
  A water elemental (D)
  Jessica (D)
  A human (D)
  An ooze (D)
  A phantom (D)
  2 rats (D)
7 creatures vanquished.

Vanquished Creatures (others)
  2 draconian scorchers (D)
  A yaktaur (D)
3 creatures vanquished.

Grand Total: 10 creatures vanquished

Notes
Turn   | Place    | Note
--------------------------------------------------------------
     0 | D        | Kidiri the Spriggan Enchanter began the quest for the Orb.
     0 | D        | Reached XP level 1. HP: 9/9 MP: 5/5
     9 | D        | Reached skill level 5 in Stealth
    27 | D        | Noticed Jessica
    43 | D        | Killed Jessica
    43 | D        | Reached skill level 1 in Armour
    43 | D        | Reached skill level 5 in Dodging
    43 | D        | Reached skill level 6 in Stealth
    43 | D        | Reached XP level 2. HP: 5/13 MP: 5/8
    43 | D        | Reached XP level 3. HP: 6/16 MP: 5/9
    47 | D        | Learned a level 2 spell: Ensorcelled Hibernation
    51 | D        | Learned a level 3 spell: Confuse
    55 | D        | Learned a level 3 spell: Dazzling Spray
   228 | D        | Killed a white draconian scorcher
   278 | D        | Gained mutation: Your flesh is cold resistant. [potion of mutation]
   278 | D        | Gained mutation: You can breathe flames. [potion of mutation]
   278 | D        | Gained mutation: Your body sometimes deteriorates upon taking damage. [potion of mutation]
   279 | D        | Gained mutation: You occasionally shout uncontrollably at your foes. [potion of mutation]
   279 | D        | Gained mutation: You are resistant to electric shocks. [potion of mutation]
   279 | D        | Gained mutation: Your mind is acute. (Int +2) [potion of mutation]
   384 | D        | Noticed a water elemental
   404 | D        | Killed a water elemental
   404 | D        | Reached skill level 7 in Stealth
   404 | D        | Reached skill level 5 in Spellcasting
   404 | D        | Reached skill level 1 in Conjurations
   404 | D        | Reached skill level 1 in Ice Magic
   404 | D        | Reached XP level 4. HP: 12/21 MP: 2/12
   436 | D        | Killed a white draconian scorcher
   444 | D        | Learned a level 3 spell: Tukima's Dance
   500 | D        | Killed a yaktaur
   605 | D        | Noticed a jelly
   606 | D        | Noticed a shadow
   732 | D        | Noticed a human
   733 | D        | Found a glowing silver altar of Zin.
   734 | D        | Found a glowing golden altar of the Shining One.
   734 | D        | Found a white marble altar of Elyvilon.
   734 | D        | Noticed a deep elf priest
   737 | D        | HP: 1/21 [deep elf priest/a malign offering (20)]
   738 | D        | Killed from afar by a deep elf priest

Vault maps used:
D:        dungeon_sprint_mu

Action                   |  1- 3 |  4- 6 || total
-------------------------+-------+-------++-------
Melee: Dagger            |    26 |     1 ||    27
 Cast: Corona            |     2 |       ||     2
       Ensorcelled Hiber |     4 |     1 ||     5
       Dazzling Spray    |     3 |     3 ||     6
       Confuse           |       |     1 ||     1
       Tukima's Dance    |       |     1 ||     1
  Use: Scroll            |     4 |       ||     4
       Potion            |     3 |       ||     3
 Stab: Sleeping          |     5 |       ||     5
